 Dungeon Crawl Stone Soup version 0.26.0-15-gc6cd9f700b (webtiles) character file.

Game seed: 10238372773746277892

23755 purge the Thaumaturge (level 12, -2/59 HPs)
             Began as a Deep Elf Conjurer on Jan 16, 2021.
             Was an Elder of Vehumet.
             Slain by an entropy weaver (4 damage)
             ... while petrified by a basilisk
             ... on level 4 of the Lair of Beasts.
             The game lasted 00:49:32 (17475 turns).

purge the Thaumaturge (Deep Elf Conjurer)          Turns: 17475, Time: 00:49:33

Health: -2/59      AC:  1    Str:  4    XL:     12   Next: 74%
Magic:  29/32      EV:  2    Int: 29    God:    Vehumet [****..]
Gold:   508        SH:  0    Dex: 13    Spells: 17/40 levels left

rFire    . . .     SeeInvis +   d - +1 dagger (elec)
rCold    . . .     Faith    .   (no shield)
rNeg     + + +     Spirit   .   o - +0 robe (curse)
rPois    ∞         Reflect  .   v - +0 hat {SInv}
rElec    .         Harm     .   n - +1 cloak
rCorr    .         Rampage  .   M - +2 pair of gloves
Will     +....                  E - +1 pair of boots
Stlth    ++++......             (no amulet)
HPRegen  0.19/turn              h - +4 ring of evasion
MPRegen  0.23/turn              s - +4 ring of protection

@: petrified, marked, corroded
A: no striking features
a: Renounce Religion


You were on level 4 of the Lair of Beasts.
You worshipped Vehumet.
Vehumet was greatly pleased with you.
You visited 3 branches of the dungeon, and saw 14 of its levels.

You collected 740 gold pieces.
You spent 232 gold pieces at shops.

Inventory:

Hand Weapons
 d - a +1 dagger of electrocution (weapon)
Missiles
 c - 66 poisoned darts
Armour
 n - a +1 cloak (worn)
 o - a cursed +0 robe (worn)
 v - a +0 hat of see invisible (worn)
 y - a cursed +0 robe
 E - a +1 pair of boots (worn)
 I - a +2 hat of willpower
 M - a +2 pair of gloves (worn)
Magical Staves
 b - an uncursed staff of air
Jewellery
 e - an uncursed ring of ice
 h - a +4 ring of evasion (left hand)
 s - a +4 ring of protection (right hand)
 t - an uncursed ring of flight
 G - a +6 ring of intelligence
 J - a cursed -4 ring of dexterity {unknown}
Wands
 m - a wand of acid (7)
 A - a wand of disintegration (24)
 C - a wand of iceblast (5)
 K - a wand of polymorph (7)
Scrolls
 a - 2 scrolls of identify
 r - 5 scrolls of enchant armour
 u - 9 scrolls of remove curse
 z - 4 scrolls of blinking
 D - 5 scrolls of teleportation
 H - a scroll of enchant weapon
 L - 2 scrolls of fear
Potions
 f - 4 potions of mutation
 g - 2 potions of heal wounds
 i - 3 potions of haste
 j - 3 potions of flight
 k - 2 potions of ambrosia
 l - 2 potions of invisibility
 p - 2 potions of curing
 q - a potion of might
 w - 2 potions of berserk rage
 x - a potion of cancellation
 B - a potion of resistance
 F - a potion of brilliance


   Skills:
 - Level 1.0 Short Blades
 + Level 13.4 Dodging
 - Level 10.0 Stealth
 + Level 14.5 Spellcasting
 + Level 12.9 Conjurations
 - Level 6.1 Hexes


You had 17 spell levels left.
You knew the following spells:

 Your Spells              Type           Power        Failure   Level
a - Magic Dart            Conj           100%         0%          1
b - Searing Ray           Conj           100%         0%          2
c - Fulminant Prism       Conj/Hex       33%          1%          4
d - Iskenderun's Mystic   Conj/Tloc      56%          1%          4
e - Iskenderun's Battles  Conj           77%          1%          5
f - Orb of Destruction    Conj           38%          2%          7

Your spell library contained the following spells:

 Spells                   Type           Power        Failure   Level
 Fireball                 Conj/Fire      28%          1%          5
 Foxfire                  Conj/Fire      100%         1%          1
 Conjure Flame            Conj/Fire      56%          1%          3
 Dazzling Flash           Conj/Hex       100%         1%          3
 Portal Projectile        Hex/Tloc       76%          1%          3
 Cause Fear               Hex            27%          1%          4
 Sticky Flame             Conj/Fire      56%          1%          4
 Beastly Appendage        Tmut           42%          2%          1
 Wereblood                Tmut           21%          3%          2
 Bolt of Magma            Conj/Fire/Erth 23%          3%          5
 Yara's Violent Unravell  Hex/Tmut       19%          5%          5
 Spider Form              Tmut/Pois      10%          7%          3
 Iron Shot                Conj/Erth      28%          7%          6
 Ice Form                 Ice/Tmut       21%          24%         4
 Spellforged Servitor     Conj/Summ      28%          32%         7
 Blade Hands              Tmut           10%          54%         5


Dungeon Overview and Level Annotations

Branches:
Dungeon (9/15)             Temple (1/1) D:4            Lair (4/6) D:9
 Shoals (0/4) Lair:4       Spider (0/4) Lair:3          Orc (0/2) D:9

Altars:
Ashenzari
Cheibriados
Dithmenos
Elyvilon
Fedhas
Gozag
Hepliaklqana
Kikubaaqudgha
Makhleb
Nemelex Xobeh
Okawaru
Qazlal
Ru
Sif Muna
Trog
Uskayaw
Vehumet
Wu Jian
Xom
Yredelemnul
Zin
The Shining One

Shops:
D:5 [


Message History

The entropy weaver hits you. x2; The entropy weaver hits you!
The soldier ant stings you.
The worker ant bites you but does no damage.
The soldier ant stings you. The entropy weaver hits you.
The entropy weaver hits you!
* * * LOW HITPOINT WARNING * * *
The entropy weaver hits you.
* * * LOW HITPOINT WARNING * * *
The entropy weaver hits you but does no damage.
The worker ant bites you.
* * * LOW HITPOINT WARNING * * *
The soldier ant completely misses you.
The entropy weaver gestures at you while chanting.
The entropic weave corrodes you! The soldier ant completely misses you.
The worker ant bites you.
* * * LOW HITPOINT WARNING * * *
The soldier ant stings you!
* * * LOW HITPOINT WARNING * * *
The entropy weaver hits you!
You die...

..(#####.###.≈...≈....#.#...##..<
.......... #.≈#.≈≈≈≈####....##...
P........###≈##≈#.≈#####....##...
#...#.....##..#≈..≈#..###...+..Dl
....###...##..≈.>..≈...#....##.B.
#..###.#.#...≈#..≈≈..#.##...l##.B
#...#.#.'##.≈##≈≈.≈#.###...B#.#B#
#...........≈#≈≈≈B###.#.......BB.
#.........[..≈≈.@B.≈.............
#..............BBB...............
#............(..l.........B......
P................................
#..P.............###.............
...P#...####.....##.##.#.....##.#
P...##### #.(.#..*BB..#.....####
#..####### #...##..#B†'#.....####
#.. #....###..†##.##.B.##....#...


You could see an entropy weaver, a basilisk, 3 soldier ants and a worker ant.

Vanquished Creatures
  Gastronok (Lair:3)
  An entropy weaver (Lair:4)
  3 hydras (Lair:2)
  A boulder beetle (Lair:4)
  Urug (Lair:4)
  A queen ant (Lair:4)
  5 cane toads
  11 komodo dragons
  3 rime drakes
  A polar bear (D:9)
  A troll (D:6)
  4 blink frogs (Lair:2)
  5 wyverns
  Eustachio (D:6)
  19 yaks
  3 basilisks
  A steam dragon (Lair:4)
  An acid dragon (D:9)
  13 soldier ants (Lair:4)
  11 water moccasins
  4 orc warriors
  2 sky beasts
  4 phantoms
  3 ogres
  11 wolves
  A centaur (D:6)
  A big kobold (D:6)
  12 bullfrogs
  2 scorpions
  2 howler monkeys
  A centaur zombie (D:5)
  A hound (D:9)
  6 orc priests
  A centaur skeleton (D:4)
  A jelly (D:4)
  6 orc wizards
  A bullfrog skeleton (D:8)
  An iguana (D:5)
  Natasha (thrice) (D:4)
  18 worker ants
  3 worker ant zombies
  4 gnolls (D:3)
  7 adders
  2 white imps
  An ufetubus (D:9)
  3 oozes
  3 adder skeletons
  4 worms
  2 dart slugs
  A leopard gecko (D:6)
  28 orcs
  8 goblins
  6 hobgoblins
  14 jackals
  10 kobolds
  6 quokkas
  2 ball pythons (D:3)
  9 bats
  5 frilled lizards
  A leopard gecko zombie (D:7)
  A quokka zombie (D:6)
  10 rats
  A butterfly (Lair:3)
299 creatures vanquished.

Vanquished Creatures (others)
  10 fulminant prisms
  16 fungi
  12 plants
38 creatures vanquished.

Grand Total: 337 creatures vanquished

Notes
Turn   | Place    | Note
-------+----------+-------------------------------------------
     0 | D:1      | purge the Deep Elf Conjurer began the quest for the Orb.
     0 | D:1      | Reached XP level 1. HP: 10/10 MP: 6/6
   144 | D:1      | Reached XP level 2. HP: 15/15 MP: 5/8
  1078 | D:1      | Learned a level 2 spell: Searing Ray
  1085 | D:2      | Reached XP level 3. HP: 19/19 MP: 5/10
  1848 | D:3      | Reached skill level 1 in Short Blades
  1848 | D:3      | Reached XP level 4. HP: 24/24 MP: 5/11
  2148 | D:3      | Reached skill level 5 in Conjurations
  2272 | D:3      | Reached skill level 4 in Spellcasting
  2473 | D:3      | Found a burning altar of Makhleb.
  2511 | D:3      | Reached XP level 5. HP: 28/28 MP: 4/13
  3216 | D:4      | Noticed Natasha
  3224 | D:4      | Killed Natasha
  3321 | D:4      | You fall into a shaft and drop 2 floors!
  3322 | D:6      | Noticed Eustachio
  3348 | D:6      | Noticed an ogre
  3353 | D:6      | Killed an ogre
  3354 | D:6      | Reached XP level 6. HP: 32/32 MP: 7/15
  3488 | D:6      | HP: 1/32 [river rat[Eustachio] (8)]
  3494 | D:6      | Killed Eustachio
  3495 | D:6      | Reached skill level 5 in Spellcasting
  3786 | D:6      | Noticed a sky beast
  3848 | D:5      | Entered Level 5 of the Dungeon
  3852 | D:5      | Reached skill level 5 in Stealth
  3903 | D:5      | Reached XP level 7. HP: 36/36 MP: 7/17
  4086 | D:5      | Reached skill level 5 in Dodging
  4236 | D:5      | Found Xabedd's Antique Armour Boutique.
  4244 | D:5      | Bought a runed hat for 112 gold pieces
  4463 | D:5      | Found a glowing golden altar of the Shining One.
  4570 | D:4      | Reached skill level 6 in Spellcasting
  4595 | D:4      | Noticed Natasha
  4661 | D:4      | Killed Natasha
  5477 | D:4      | Found a staircase to the Ecumenical Temple.
  5657 | Temple   | Entered the Ecumenical Temple
  5889 | Temple   | Became a worshipper of Vehumet
  5970 | D:4      | Noticed Natasha
  5975 | D:4      | Killed Natasha
  6239 | D:6      | Reached XP level 8. HP: 41/41 MP: 14/20
  6362 | D:6      | Reached skill level 7 in Spellcasting
  6488 | D:6      | Learned a level 4 spell: Fulminant Prism
  6493 | D:6      | Learned a level 4 spell: Iskenderun's Mystic Blast
  6951 | D:7      | Noticed a troll
  7511 | D:7      | Reached * piety under Vehumet
  7511 | D:7      | Offered knowledge of Foxfire by Vehumet.
  7548 | D:7      | Reached skill level 8 in Spellcasting
  7744 | D:7      | Found a radiant altar of Vehumet.
  7863 | D:7      | Reached XP level 9. HP: 44/45 MP: 8/23
  8443 | D:8      | Found a sparkling altar of Nemelex Xobeh.
  8578 | D:9      | Found a bloodstained altar of Trog.
  8578 | D:9      | Found a shadowy altar of Dithmenos.
  8674 | D:9      | Found a glowing silver altar of Zin.
  8781 | D:9      | Noticed a komodo dragon
  8787 | D:9      | Killed a komodo dragon
  8787 | D:9      | Noticed a komodo dragon
  8788 | D:9      | Reached skill level 9 in Spellcasting
  8794 | D:9      | Killed a komodo dragon
  8852 | D:9      | Reached ** piety under Vehumet
  8976 | D:9      | Noticed a komodo dragon
  8989 | D:9      | Killed a komodo dragon
  9144 | D:9      | Found a staircase to the Lair.
  9151 | D:9      | Noticed a komodo dragon
  9163 | D:9      | HP: 1/45 [komodo dragon (21)]
  9164 | D:9      | Killed a komodo dragon
  9164 | D:9      | Offered knowledge of Shock by Vehumet.
  9165 | D:9      | Reached XP level 10. HP: 1/50 MP: 13/25
  9595 | D:9      | Found a staircase to the Orcish Mines.
  9686 | D:9      | Reached skill level 10 in Spellcasting
 10271 | D:9      | Found a broken altar of Ashenzari.
 10580 | D:6      | Reached skill level 10 in Stealth
 10606 | D:6      | Learned a level 5 spell: Iskenderun's Battlesphere
 10761 | Lair:1   | Entered Level 1 of the Lair of Beasts
 10761 | Lair:1   | Noticed a cane toad
 10765 | Lair:1   | Reached skill level 1 in Hexes
 10768 | Lair:1   | Killed a cane toad
 11628 | D:9      | Reached skill level 5 in Hexes
 11855 | Lair:1   | Reached skill level 10 in Dodging
 11855 | Lair:1   | Reached skill level 10 in Conjurations
 11863 | Lair:1   | Offered knowledge of Conjure Flame by Vehumet.
 11945 | Lair:1   | Noticed a cane toad
 11952 | Lair:1   | Killed a cane toad
 11953 | Lair:1   | Reached skill level 11 in Spellcasting
 12264 | Lair:1   | Reached XP level 11. HP: 31/54 MP: 24/28
 12891 | D:5      | Bought a pair of glowing boots for 120 gold pieces
 13116 | Lair:2   | Noticed an eight-headed hydra
 13123 | Lair:2   | Killed an eight-headed hydra
 13483 | Lair:2   | Identified the Handbook of Enthralling Ignition
 13614 | Lair:2   | Reached skill level 12 in Spellcasting
 13731 | Lair:2   | Noticed a four-headed hydra
 13739 | Lair:2   | Killed a four-headed hydra
 13739 | Lair:2   | Reached *** piety under Vehumet
 13820 | Lair:2   | Noticed a seven-headed hydra
 13825 | Lair:2   | Killed a seven-headed hydra
 13876 | Lair:2   | Learned a level 7 spell: Orb of Destruction
 14135 | Lair:3   | Found a hole to the Spider Nest.
 14505 | Lair:3   | Noticed Gastronok
 14585 | Lair:3   | Killed Gastronok
 14703 | Lair:3   | Reached skill level 13 in Spellcasting
 14786 | Lair:3   | Reached XP level 12. HP: 29/59 MP: 10/31
 14793 | Lair:3   | Offered knowledge of Ignite Poison by Vehumet.
 15762 | Lair:4   | Found a staircase to the Shoals.
 16183 | Lair:4   | Noticed a boulder beetle
 16209 | Lair:4   | Killed a boulder beetle
 16518 | Lair:4   | Noticed a queen ant
 16519 | Lair:4   | Reached **** piety under Vehumet
 16521 | Lair:4   | Noticed an entropy weaver
 16526 | Lair:4   | Reached skill level 14 in Spellcasting
 16527 | Lair:4   | Killed a queen ant
 16933 | Lair:4   | Noticed Urug
 16949 | Lair:4   | Killed Urug
 17299 | Lair:4   | Killed an entropy weaver
 17454 | Lair:4   | Noticed an entropy weaver
 17466 | Lair:4   | Offered knowledge of Fireball by Vehumet.
 17474 | Lair:4   | HP: 2/59 [soldier ant (5)]
 17475 | Lair:4   | Slain by an entropy weaver

Illustrated notes

Levels and vault maps discovered:
D:1:      dpeg_arrival_rhombus, layout_loops_ring, serial_rivers,
          chequers_serial_rivers_small_3, chequers_serial_rivers_micro_a,
          chequers_serial_rivers_room_a, chequers_serial_rivers_small_3,
          hex_large
D:2:      layout_basic
D:3:      layout_loops_ring, marbit_many_paths
D:4:      layout_basic, minmay_temple_entry_poolview, uniq_natasha
D:5:      layout_rooms, tso_oasis_becter, serial_shops,
          nicolae_shop_competitors_out_of_business
D:6:      layout_loops_ring, minmay_misc_feat_hallway, uniq_eustachio
D:7:      layout_rooms, basic_altar
D:8:      layout_rooms, nemelex_altar_shiori, st_stairs_8
D:9:      layout_basic, nicolae_overflow_hidden_temple,
          chequers_temple_overflow_statue_of_worship, erik_lair_dragon,
          david_orc_3
Temple:   regret_index_temple_generic_petals
Lair:1:   layout_gridlike, grunt_megastairs_1, lemuel_fruit_tree,
          infiniplex_staircase_pool
Lair:2:   layout_regular_city, grunt_megastairs_3, infiniplex_staircase_pool_2
Lair:3:   layout_gridlike, spider_nest_entry_web_field, lemuel_fruit_fields,
          uniq_gastronok
Lair:4:   layout_regular_city, elwin_shoals_entry_rocks, zaba_antful_of_joy,
          lemuel_fruit_fields, uniq_urug

Skill      XL: |  1  2  3  4  5  6  7  8  9 10 11 12 |
---------------+-------------------------------------+-----
Stealth        | 3 4 5 6 7 9 10 | 10.0
Dodging        | 3 4 6 7 9 10 12 13 | 13.4
Short Blades   | 1 |  1.0
Conjurations   | 5 6 7 9 10 11 12 | 12.9
Spellcasting   | 4 5 6 8 9 11 13 14 | 14.5
Hexes          | 6 |  6.1

Action                   |  1- 3 |  4- 6 |  7- 9 | 10-12 || total
-------------------------+-------+-------+-------+-------++-------
Melee: Dagger            |       |    29 |    19 |    14 ||    62
 Cast: Magic Dart        |    56 |    64 |    77 |    95 ||   292
       Searing Ray       |     3 |    17 |    57 |   106 ||   183
       Fulminant Prism   |       |       |     1 |     9 ||    10
       Iskenderun's Myst |       |       |     1 |       ||     1
       Iskenderun's Batt |       |       |       |    34 ||    34
       Orb of Destructio |       |       |       |     1 ||     1
Evoke: Wand              |       |       |     2 |     1 ||     3
  Use: Scroll            |     5 |     3 |    10 |     5 ||    23
       Potion            |     2 |     3 |     3 |       ||     8
 Stab: Sleeping          |       |       |       |     1 ||     1
Armor: Robe              |       |     9 |     6 |    27 ||    42
Dodge: Dodged            |     5 |    84 |    60 |   202 ||   351
